[Event "*** Titled Tuesday Blitz"]
[Site "Chess.com"]
[Date "2019.09.03"]
[Round "1"]
[White "AntonSmirnov"]
[Black "chess3054"]
[Result "1-0"]
[WhiteElo "2883"]
[BlackElo "2463"]
[TimeControl "180+2"]
[EndTime "15:06:18 PDT"]
[Termination "AntonSmirnov won by checkmate"]

1. e4 e6 2. d4 d5 3. Nc3 Nf6 4.
e5 Nfd7 5. f4 c5 6. Nf3 Be7 7.
Be3 O-O 8. Qd2 b6 9. h4 Nc6 10. h5 f6 11. h6 g6 12. dxc5 Nxc5 13. Bb5 Bb7 14. Bxc6 Bxc6 15. O-O-O Qc7 16. Kb1 a6 17. exf6 Bxf6 18. Bd4 Bxd4 19. Nxd4 Bd7 20. g3 b5 21.
a3 Rab8 22. Rhe1 Qb6 23. Nb3 Nxb3 24. cxb3 Rbd8 25. b4 Bc8 26. Ne2 Qf2 27. Qc3 Qg2 28. Qg7# 1-0

[Event "*** Titled Tuesday Blitz"]
[Site "Chess.com"]
[Date "2019.09.03"]
[Round "1"]
[White "Parhamov"]
[Black "albi1999"]
[Result "1/2-1/2"]
[WhiteElo "2895"]
[BlackElo "2475"]
[TimeControl "180+2"]
[EndTime "15:06:22 PDT"]
[Termination "Game drawn by agreement"]

1. Nf3 d5 2. g3 Bg4 3. Bg2 Nd7 4. O-O c6 5. d3 e5 6. Nbd2 Ngf6 7. h3 Bh5 8. e4 dxe4 9. dxe4 Bc5 10. Qe1 O-O 11. a4 Re8 12. Nh4 Qc7 13. Nb3 Bf8 14. a5 b5 15. Be3 c5 16. Nf5 c4 17. Nd2 Bc5 18. Bxc5 Nxc5 19. Qe3 Rad8 20. b4 Ne6 21. Nb1 Nd4 22. Na3 a6 23. Rae1 Rd7 24. c3 Nxf5 25. exf5 Rd3 26. Qc1 e4 27. Qg5 h6 28.
Qh4 Rxc3 29. Nb1 Rd3 30. g4 Qf4 31. Re3 g5 32. fxg6 Bxg6 33. Rfe1 Nd5 34. R3e2 e3 35.
Bxd5 1/2-1/2

[Event "*** Titled Tuesday Blitz"]
[Site "Chess.com"]
[Date "2019.09.03"]
[Round "1"]
[White "juniortay"]
[Black "StephenDedalus83"]
[Result "0-1"]
[WhiteElo "2420"]
[BlackElo "2833"]
[TimeControl "180+2"]
[EndTime "15:06:28 PDT"]
[Termination "StephenDedalus83 won by resignation"]

1. e4 c5 2. Nc3 Nc6 3. f4 g6 4. Nf3 Bg7 5. Bc4 e6 6. f5 gxf5 7. d3 Nge7 8. O-O d5 9. exd5 exd5 10. Bb3 Be6 11. Ng5 Qd7 12. Qh5 O-O-O 13. Nxf7 Qe8 14. Nxd8 Qxh5 15. Nxe6 Be5 16. Bf4 d4 17. Nd5 Nxd5 18.
Bxd5 Bxf4 19. Nxf4 Qh6 20. Rae1 Nd8 21. g3 Rf8 22. Re7 Qd6 23. Rfe1 Qb6 24. b3 Qa5 25. a4 Qd2 26. R1e2 Qc1+ 27. Kg2 h6 28. Rh7 a6 29.
Ree7 Qxc2+ 30. Kh3 Qd1 31. Bxb7+ Kb8 32. Re4 fxe4 0-1

[Event "*** Titled Tuesday Blitz"]
[Site "Chess.com"]
[Date "2019.09.03"]
[Round "1"]
[White "KRASAVCHIK2002"]
[Black "Shahinyan_ChessMood"]
[Result "1-0"]
[WhiteElo "2343"]
[BlackElo "2676"]
[TimeControl "180+2"]
[EndTime "15:06:33 PDT"]
[Termination "KRASAVCHIK2002 won by resignation"]

1. e4 e6 2. d4 d5 3. Nc3 Nf6 4. Bg5 Bb4 5. e5 h6 6. Be3 Ne4 7. Ne2 Bd7 8. a3 Nxc3 9. Nxc3 Bf8 10. f4 c5 11. dxc5 Nc6 12. Nb5 Nxe5 13. fxe5 Qh4+ 14. Bf2 Qg5 15. Nc7+ Kd8 16. Nxa8 Qxe5+ 17. Be2 Bb5 18. Nc7 Bxe2 19. Qxe2 Qxc7 20. c4 Be7 21. cxd5 Bf6 22. d6 Qa5+ 23. Qd2 Qb5 24. Rd1 Kd7 25. b4 a5 26. Qd3 Qa4 27. O-O Rc8 28. Rb1 b6 29.
cxb6 Rc3 30. Qa6 1-0

[Event "*** Titled Tuesday Blitz"]
[Site "Chess.com"]
[Date "2019.09.03"]
[Round "1"]
[White "grzechu96"]
[Black "Grootneus"]
[Result "1-0"]
[WhiteElo "2562"]
[BlackElo "2122"]
[TimeControl "180+2"]
[EndTime "15:06:38 PDT"]
[Termination "grzechu96 won by checkmate"]

1. e4 c5 2. Nf3 d6 3. Bb5+ Bd7 4. Bxd7+ Qxd7 5. c4 Nf6 6. Nc3 g6 7. d4 cxd4 8. Nxd4 Bg7 9. f3 O-O 10. Be3 Nc6 11. O-O Rac8 12. b3 a6 13. a4 Rfd8 14. Rc1 e6 15. Re1 Qc7 16. Nd5 exd5 17. cxd5 Qd7 18. dxc6 bxc6 19. Qd3 Qb7 20. Rc2 Nd7 21. Rb1 Nc5 22. Qc4 Nd7 23. Nxc6 Nb6 24. Bxb6 Qxb6+ 25. Kh1 Re8 26. Ne7+ Kf8 27. Nxc8 Qe3 28. Nxd6 Rd8 29.
Qxf7# 1-0

[Event "*** Titled Tuesday Blitz"]
[Site "Chess.com"]
[Date "2019.09.03"]
[Round "1"]
[White "ecwinslow"]
[Black "pedro_gines"]
[Result "0-1"]
[WhiteElo "2007"]
[BlackElo "2526"]
[TimeControl "180+2"]
[EndTime "15:06:39 PDT"]
[Termination "pedro_gines won by resignation"]

1. d4 Nf6 2. c4 d6 3. Nc3 e5 4.
Nf3 Nbd7 5. Bg5 Be7 6. e3 O-O 7. Qc2 h6 8. h4 exd4 9. Nxd4 Ne5 10.
O-O-O a6 11. f3 b5 12. Bxf6 Bxf6 13. Be2 Nxc4 14. Bxc4 bxc4 15. g4 Bxh4 16. Nf5 Bxf5 17. gxf5 Bf6 18. Rdg1 Qe7 19. e4 Bg5+ 20. Kb1 Qe5 21. Rg4 Rab8 22. Rhg1 Bf6 23. f4 Qxc3 24. Rxg7+ Kh8 25. R7g2 Qxc2+ 26. Rxc2 c3 27. b3 0-1

[Event "*** Titled Tuesday Blitz"]
[Site "Chess.com"]
[Date "2019.09.03"]
[Round "1"]
[White "yiy1156"]
[Black "Colombiano07"]
[Result "1/2-1/2"]
[WhiteElo "2571"]
[BlackElo "2197"]
[TimeControl "180+2"]
[EndTime "15:06:44 PDT"]
[Termination "Game drawn by repetition"]

1. e4 c5 2. Nf3 g6 3. d4 cxd4 4. Nxd4 Nf6 5. Nc3 Nc6 6. Be3 Bg7 7. Bc4 O-O 8. Bb3 a5 9. a4 Ng4 10. Nxc6 Nxe3 11. Nxd8 Nxd1 12. Rxd1 Bxc3+ 13. bxc3 Rxd8 14. O-O d6 15. e5 Bg4 16. f3 Bf5 17. exd6 exd6 18.
Rd4 Rac8 19. c4 Rc6 20. Rfd1 Kf8 21. g4 Be6 22. Kf2 Ke7 23. Ke3 Rdc8 24. Kd3 Rc5 25. Kc3 b5 26. axb5 a4 27. Ba2 Rxb5 28. Rxd6 Rbc5 29. R6d4 h5 30. h3 hxg4 31. hxg4 Rh8 32. Kb4 Rc7 33. Rd6 Rb8+ 34. Kc3 Rbc8 35. R6d4 Rh8 36.
Kb4 Rb8+ 37. Kc3 Rh8 38. Kb4 Rb8+ 39. Kc3 Rh8 1/2-1/2

[Event "*** Titled Tuesday Blitz"]
[Site "Chess.com"]
[Date "2019.09.03"]
[Round "1"]
[White "Ali_rastbod"]
[Black "JakeCarlosBanawa"]
[Result "1-0"]
[WhiteElo "2709"]
[BlackElo "2334"]
[TimeControl "180+2"]
[EndTime "15:06:48 PDT"]
[Termination "Ali_rastbod won by resignation"]

1. c4 c5 2. Nf3 Nc6 3. b3 Nf6 4. Bb2 e6 5. g3 b6 6. Bg2 Bb7 7. O-O Be7 8. Nc3 O-O 9. d4 Nxd4 10. Nxd4 Bxg2 11. Nxe6 fxe6 12. Kxg2 d5 13. e3 Qd7 14.
Qe2 d4 15. exd4 cxd4 16. Nb5 Bc5 17. Rad1 e5 18. Qxe5 Rae8 19. Qg5 Qb7+ 20. Kg1 Re2 21. Bxd4 Bxd4 22. Nxd4 Rxa2 23. Ne6 Re8 24. Rfe1 Rb2 25. Re3 a5 26. Rde1 Qf7 27. Nxg7 Rxe3 28. Nf5+ Kf8 29. Qh6+ Kg8 30. Qxe3 1-0

[Event "*** Titled Tuesday Blitz"]
[Site "Chess.com"]
[Date "2019.09.03"]
[Round "1"]
[White "LADIESGET2KNOWME"]
[Black "amintabatabaei"]
[Result "0-1"]
[WhiteElo "2463"]
[BlackElo "2895"]
[TimeControl "180+2"]
[EndTime "15:06:50 PDT"]
[Termination "amintabatabaei won by checkmate"]

1. d4 Nf6 2. Nf3 g6 3. g3 Bg7 4.
Bg2 O-O 5. O-O d5 6. c4 c6 7. cxd5 cxd5 8. Ne5 Ng4 9. f4 Nxe5 10. fxe5 Nc6 11.
Nc3 e6 12. e4 dxe4 13. Be3 f5 14. exf6 Bxf6 15. Nxe4 Bxd4 16. Rxf8+ Kxf8 17. Qf3+ Kg7 18. Bxd4+ Nxd4 19. Qf2 e5 20. Rf1 Bf5 21. g4 Bxe4 22.
Qf7+ Kh6 23. Bxe4 Qg5 24. Qxb7 Qxg4+ 25. Kh1 Rd8 26. Rf7 Qd1+ 27. Kg2 Nf5 28. Rxf5 Qg4+ 29.
Kf2 Rd2+ 30. Kf1 Qd1# 0-1

[Event "*** Titled Tuesday Blitz"]
[Site "Chess.com"]
[Date "2019.09.03"]
[Round "1"]
[White "ZeroRealtorFade"]
[Black "German_Bazeev"]
[Result "0-1"]
[WhiteElo "2362"]
[BlackElo "2715"]
[TimeControl "180+2"]
[EndTime "15:06:50 PDT"]
[Termination "German_Bazeev won on time"]

1. d4 Nf6 2. Bf4 g6 3. e3 Bg7 4. h3 O-O 5. Nf3 d6 6. Bh2 Nc6 7. c3 Nd7 8. Bb5 e5 9. Bxc6 bxc6 10. dxe5 Ba6 11. exd6 Nc5 12. Qd2 Nd3+ 13. Kd1 cxd6 14. Ne1 Nc5 15. Na3 Rb8 16. Kc1 Ne4 17. Qc2 Re8 18.
Nf3 Qa5 19. Rd1 Rxb2 20. Qxb2 Bxc3 21. Qb3 Bxa1 22. Kc2 Qc5+ 23. Kb1 Bf6 24. Rc1 Bd3+ 25. Qxd3 Rb8+ 0-1

[Event "*** Titled Tuesday Blitz"]
[Site "Chess.com"]
[Date "2019.09.03"]
[Round "1"]
[White "nOcHeaTiNgKiD"]
[Black "GadimbayliA"]
[Result "0-1"]
[WhiteElo "2460"]
[BlackElo "2879"]
[TimeControl "180+2"]
[EndTime "15:06:55 PDT"]
[Termination "GadimbayliA won by resignation"]

1. Nf3 Nf6 2. g3 b6 3. Bg2 Bb7 4. O-O e6 5. d4 g6 6. Nbd2 Bg7 7. Re1 d5 8. c3 O-O 9. Ne5 Nbd7 10. Nxd7 Qxd7 11. e4 dxe4 12. Nxe4 Nxe4 13. Bxe4 Bxe4 14.
Rxe4 c5 15. Be3 Rfd8 16. Qf3 f5 17. Rh4 Bf6 18. dxc5 Bxh4 19. gxh4 Qd5 20. Qxd5 Rxd5 21. c4 Rd3 22. cxb6 axb6 23. Bxb6 Rd2 24. b4 Raxa2 25. Rxa2 Rxa2 26. c5 Kf7 27. c6 Rc2 28. Bc5 Ke8 29. Kg2 Kd8 30. Kf3 Kc7 31. Kf4 Kxc6 32. Ke5 Rc4 33.
Kxe6 Rxh4 34. Bd6 Re4+ 35. Be5 Rxb4 36. Kf7 Rb7+ 37. Kg8 Kd5 38. Bg7 h5 39. Kh7 g5 40.
Kg6 Ke4 41. Bf6 g4 42. Kxh5 Rh7+ 43. Kg5 Rxh2 0-1

[Event "*** Titled Tuesday Blitz"]
[Site "Chess.com"]
[Date "2019.09.03"]
[Round "1"]
[White "ohusbands"]
[Black "Gattass"]
[Result "1-0"]
[WhiteElo "2653"]
[BlackElo "2299"]
[TimeControl "180+2"]
[EndTime "15:07:02 PDT"]
[Termination "ohusbands won by resignation"]

1. e4 c5 2. Nf3 d6 3. d4 cxd4 4. Nxd4 Nf6 5. Nc3 a6 6. Bg5 e6 7.
f4 Be7 8. Qf3 h6 9. Bh4 g5 10.
fxg5 Nfd7 11. Qh5 Ne5 12. Bg3 Bxg5 13. Nf3 Nbc6 14. Nxg5 Qxg5 15. Be2 Nd4 16. O-O Qxh5 17. Bxh5 Rh7 18. Rad1 Nxc2 19. Rxd6 Nc6 20. Bh4 Ne3 21. Rf3 Nc4 22. Rd1 Nxb2 23. Rdf1 Ne5 24. Rg3 Nbd3 25. Na4 Kf8 26. Nb6 Rb8 27. Rd1 Bd7 28. Nxd7+ Nxd7 29. Rgxd3 f5 30. Rxd7 1-0

[Event "*** Titled Tuesday Blitz"]
[Site "Chess.com"]
[Date "2019.09.03"]
[Round "1"]
[White "GM_dmitrij"]
[Black "Faustregel"]
[Result "1-0"]
[WhiteElo "2961"]
[BlackElo "2502"]
[TimeControl "180+2"]
[EndTime "15:07:07 PDT"]
[Termination "GM_dmitrij won by resignation"]

1. e4 c5 2. Nf3 d6 3. Bb5+ Bd7 4. Bxd7+ Qxd7 5. O-O Nc6 6. c3 g6 7. d4 cxd4 8. cxd4 Bg7 9. Nc3 Nf6 10. d5 Ne5 11. Nxe5 dxe5 12. Be3 O-O 13. f3 Rfc8 14. Qb3 Ne8 15. Rfc1 Nd6 16. a4 b6 17. Nb5 Nxb5 18. axb5 Rxc1+ 19. Rxc1 Rc8 20. Rc6 Rb8 21.
Qc4 f5 22. Bg5 Bf8 23. h3 Rb7 24. d6+ e6 25. Rc7 Rxc7 26. dxc7 Qc8 27. Qc6 Kf7 28.
g4 Bc5+ 29. Kg2 f4 30. Bd8 Bd4 31. b4 Be3 32. Qd6 Bd4 33. Qe7+ Kg8 34. Qe8+ Kg7 35. Bf6+ 1-0

[Event "*** Titled Tuesday Blitz"]
[Site "Chess.com"]
[Date "2019.09.03"]
[Round "1"]
[White "filali-marouan"]
[Black "NTBT_DHS"]
[Result "0-1"]
[WhiteElo "2347"]
[BlackElo "2705"]
[TimeControl "180+2"]
[EndTime "15:07:11 PDT"]
[Termination "NTBT_DHS won by resignation"]

1. e4 c5 2. Nf3 Nc6 3. d4 cxd4 4. Nxd4 Nf6 5. Nc3 e5 6. Nxc6 bxc6 7. Bd3 d5 8. O-O Be6 9. exd5 Nxd5 10. Re1 Bc5 11.
Ne4 Be7 12. Ng3 Qc7 13. Qh5 Nf4 14. Bxf4 exf4 15. Nf5 g6 16. Ng7+ Kd7 17. Nxe6 fxe6 18. Qg4 Qd6 19. Bc4 Kc7 20. Rxe6 Qc5 21. Qxf4+ Bd6 22. Qf7+ Kb6 23. Re3 Rhf8 24. Rb3+ Ka5 25. Qe6 Rae8 26. Ra3+ Kb6 27. Rb3+ Kc7 28. Qg4 Qxf2+ 29.
Kh1 Re1+ 30. Rxe1 Qxe1+ 0-1

[Event "*** Titled Tuesday Blitz"]
[Site "Chess.com"]
[Date "2019.09.03"]
[Round "1"]
[White "Andrei_Belozerov"]
[Black "FearNoEvil12"]
[Result "1-0"]
[WhiteElo "2523"]
[BlackElo "1987"]
[TimeControl "180+2"]
[EndTime "15:07:11 PDT"]
[Termination "Andrei_Belozerov won by resignation"]

1. e4 a6 2. d4 b5 3. Nf3 Bb7 4.
Bd3 e6 5. O-O Nf6 6. Re1 d6 7.
Nbd2 Nbd7 8. Nf1 h6 9. Ng3 g5 10. a4 b4 11. a5 g4 12. Nd2 h5 13. d5 Ne5 14. Nc4 Nxc4 15. Bxc4 h4 16. Nf1 e5 17.
Ne3 Bc8 18. Bd2 Bh6 19. Bxb4 g3 20. Qf3 gxf2+ 21. Kxf2 Bxe3+ 22. Kxe3 Bg4 23. Qf2 Nxe4 24. Kxe4 Qg5 25. Kd3 f5 26. Bd2 Qf6 27. c3 f4 28.
Kc2 O-O 29. b4 Kg7 30. Bd3 Rac8 31. Be4 Bf5 32. Qf3 Bxe4+ 33. Qxe4 Rfd8 34. g3 hxg3 35. hxg3 c6 36. gxf4 cxd5 37. Qxd5 e4 38. Rg1+ Kf8 39.
Rae1 Re8 40. Rg8+ Ke7 41. Qxe4+ Kd7 42. Rxe8 1-0

[Event "*** Titled Tuesday Blitz"]
[Site "Chess.com"]
[Date "2019.09.03"]
[Round "1"]
[White "Roman_Ovetchkin"]
[Black "julinha97"]
[Result "1-0"]
[WhiteElo "2616"]
[BlackElo "2229"]
[TimeControl "180+2"]
[EndTime "15:07:12 PDT"]
[Termination "Roman_Ovetchkin won by resignation"]

1. d4 Nf6 2. c4 g6 3. Nc3 Bg7 4. e4 d6 5. Nf3 O-O 6. Be2 e5 7. d5 a5 8. Bg5 Na6 9. Nd2 h6 10. Be3 Qe8 11. a3 Nh7 12. b4 axb4 13. axb4 Bd7 14. Rb1 f5 15. f3 f4 16. Bf2 g5 17. h3 Nf6 18. c5 h5 19. Nc4 Qg6 20. cxd6 cxd6 21. Nxd6 g4 22. hxg4 hxg4 23. Nc4 Rac8 24.
Qb3 Rfe8 25. Nb6 g3 26. Bg1 Rc7 27. Nb5 Bxb5 28. Bxb5 Rf8 29. d6+ Rcf7 30. Bc4 1-0

[Event "*** Titled Tuesday Blitz"]
[Site "Chess.com"]
[Date "2019.09.03"]
[Round "1"]
[White "x-6099009240"]
[Black "MarcoRiehle"]
[Result "0-1"]
[WhiteElo "2334"]
[BlackElo "2702"]
[TimeControl "180+2"]
[EndTime "15:07:13 PDT"]
[Termination "MarcoRiehle won by checkmate"]

1. e4 e5 2. f4 exf4 3. Bc4 Ne7 4.
Nc3 c6 5. d4 d5 6. exd5 Nxd5 7.
Nxd5 cxd5 8. Bb3 Bd6 9. Nf3 Qe7+ 10. Kf2 O-O 11. Re1 Qf6 12. Bxd5 Nc6 13. c3 Bg4 14. Kg1 Rfe8 15. Bd2 Rxe1+ 16. Bxe1 Ne7 17. Be4 Qe6 18. Bxh7+ Kh8 19. Bd3 Re8 20. Bf2 Nd5 21. a3 Ne3 22. Bxe3 Qxe3+ 23. Kh1 g6 24. Bb5 Re7 25. Qf1 Bxf3 26.
Qxf3 Qd2 27. Rb1 Kg7 28. h3 Re3 29. Qd1 Qf2 30. Qf1 Qg3 31. Qg1 f3 32. gxf3 Qxh3+ 33. Qh2 Qxh2# 0-1

[Event "*** Titled Tuesday Blitz"]
[Site "Chess.com"]
[Date "2019.09.03"]
[Round "1"]
[White "ClockworkKubrick"]
[Black "ENEASZ"]
[Result "0-1"]
[WhiteElo "2162"]
[BlackElo "2561"]
[TimeControl "180+2"]
[EndTime "15:07:14 PDT"]
[Termination "ENEASZ won by resignation"]

1. e4 d6 2. Nf3 Nf6 3. Nc3 e5 4. d3 g6 5. Be2 Bg7 6. h3 O-O 7.
O-O Re8 8. Nh2 d5 9. exd5 Nxd5 10. Nxd5 Qxd5 11. Bf3 Qd6 12. Ng4 Bxg4 13. hxg4 Nc6 14.
g3 Rab8 15. Be3 Nd4 16. Bg2 c6 17. Qd2 a6 18. a4 Rbd8 19. Rac1 Rd7 20. Bh6 Bxh6 21.
Qxh6 Ne2+ 22. Kh2 Nxc1 23. Rxc1 Qf6 24. Rf1 Rd4 25. b3 Rxg4 26. Be4 Qg5 27. Qh3 f5 28.
Bf3 Rd4 29. Re1 h5 30. Kg2 h4 31. Rh1 Re7 32. Kf1 Qc1+ 33. Kg2 Qxc2 34. gxh4 Qxd3 35. h5 e4 36. Be2 Qxh3+ 37. Rxh3 Rg7 38. Bc4+ Rxc4 39.
bxc4 gxh5+ 40. Kf1 Rg5 41. Ke2 f4 42. Rh4 Rf5 43. f3 e3 44. Kd3 Kf7 45. Ke4 Ke6 46. Rh1 e2 47. Kd3 Re5 48. Re1 Kd6 49. Kd4 c5+ 50. Kd3 Re3+ 51. Kd2 Ke5 52. a5 Kd4 53.
Rh1 e1=Q+ 0-1

[Event "*** Titled Tuesday Blitz"]
[Site "Chess.com"]
[Date "2019.09.03"]
[Round "1"]
[White "Bauxi435"]
[Black "Hrant_ChessMood"]
[Result "0-1"]
[WhiteElo "2442"]
[BlackElo "2872"]
[TimeControl "180+2"]
[EndTime "15:07:15 PDT"]
[Termination "Hrant_ChessMood won by resignation"]

1. d4 Nf6 2. c4 g6 3. Nc3 Bg7 4. e4 d6 5. Be2 O-O 6. Be3 Na6 7. Qd2 c5 8. Nf3 Bg4 9. h3 Bxf3 10. Bxf3 Nd7 11. O-O Nc7 12. Rad1 a6 13. b3 Rb8 14. Bg4 cxd4 15. Bxd4 Bxd4 16. Qxd4 Ne5 17. Be2 b5 18.
c5 Ne6 19. Qe3 Nxc5 20. f4 Ned7 21. e5 b4 22. Nd5 e6 23. Nf6+ Nxf6 24. exf6 Qb6 25.
Kh2 Nd7 26. Qd2 d5 27. Qb2 Rfc8 28. Rc1 a5 29. f5 exf5 30. Bf3 Nxf6 31. Rxc8+ Rxc8 32. Rd1 Rc3 33. Qe2 Qd6+ 34. Kh1 d4 35. Qf2 d3 36.
Qa7 d2 37. Qxa5 Rc1 38. Qb5 Ne4 39. Qf1 Ng3+ 0-1

[Event "*** Titled Tuesday Blitz"]
[Site "Chess.com"]
[Date "2019.09.03"]
[Round "1"]
[White "bilelou"]
[Black "eCztery"]
[Result "0-1"]
[WhiteElo "2551"]
[BlackElo "2201"]
[TimeControl "180+2"]
[EndTime "15:07:17 PDT"]
[Termination "eCztery won on time"]

1. e4 c5 2. Nf3 Nc6 3. b4 cxb4 4.
d4 d5 5. exd5 Qxd5 6. c4 Qh5 7.
Be2 Bg4 8. O-O O-O-O 9. d5 Ne5 10. Nbd2 e6 11. Bb2 Nxf3+ 12. Nxf3 Nf6 13. h3 Bd6 14.
hxg4 Nxg4 15. g3 Qh3 16. Qe1 h5 17. c5 h4 18. cxd6 hxg3 19. Qc1+ Kb8 20. Qc7+ Ka8 21.
Qxd8+ Rxd8 22. Bxg7 Rg8 23. Rac1 a6 24. d7 Rxg7 25. d8=Q+ Ka7 26. Rc8 gxf2+ 27. Rxf2 Nf6+ 0-1

[Event "*** Titled Tuesday Blitz"]
[Site "Chess.com"]
[Date "2019.09.03"]
[Round "1"]
[White "MFguimaraes"]
[Black "nubair1198"]
[Result "0-1"]
[WhiteElo "2299"]
[BlackElo "2652"]
[TimeControl "180+2"]
[EndTime "15:07:18 PDT"]
[Termination "nubair1198 won by resignation"]

1. e4 g6 2. h4 d5 3. exd5 Nf6 4. h5 Nxh5 5. Rxh5 gxh5 6. Qxh5 c6 7. Nf3 Qxd5 8. Qh4 Bf5 9. Nc3 Qe6+ 10. Be2 Bg7 11. d4 Bxc2 12. Kf1 Nd7 13. d5 cxd5 14. Nb5 O-O 15. Bg5 Qe4 16. Qh3 Qf5 17. Qg3 Bd3 18. Re1 e6 19. Kg1 Bxe2 20. Rxe2 Qd3 21. Nbd4 Rac8 22.
Rd2 Qb1+ 23. Kh2 Rc1 24. Qd6 Rh1+ 25. Kg3 Nf6 26. Bxf6 Bxf6 27. Nc2 Qxb2 28. Qf4 Kh8 29. Nfd4 Qc3+ 30. f3 Bh4+ 31. Qxh4 Rg8+ 0-1

[Event "*** Titled Tuesday Blitz"]
[Site "Chess.com"]
[Date "2019.09.03"]
[Round "1"]
[White "Thjop"]
[Black "plumalka"]
[Result "1-0"]
[WhiteElo "2548"]
[BlackElo "2068"]
[TimeControl "180+2"]
[EndTime "15:07:19 PDT"]
[Termination "Thjop won by checkmate"]

1. e4 c5 2. Nf3 d6 3. Bb5+ Bd7 4. Bxd7+ Qxd7 5. O-O g6 6. c3 Bg7 7. d4 cxd4 8. cxd4 Nf6 9. Nc3 O-O 10. Bg5 h6 11. Bf4 Nc6 12. Qd2 Rac8 13. Bxh6 Kh7 14. Bxg7 Kxg7 15.
Rad1 Rh8 16. h3 Rh5 17. h4 Rch8 18. Qf4 Nxd4 19. Rxd4 e5 20. Nxe5 Rxe5 21. Rfd1 Reh5 22. Rxd6 Qe7 23. g3 g5 24. hxg5 Rh1+ 25. Kg2 R1h2+ 26. Kf3 Nh5 27. Qf5 Rf8 28. Rh6 Qb4 29. Qh7# 1-0

[Event "*** Titled Tuesday Blitz"]
[Site "Chess.com"]
[Date "2019.09.03"]
[Round "1"]
[White "Jospem"]
[Black "MFBerna"]
[Result "1-0"]
[WhiteElo "2930"]
[BlackElo "2493"]
[TimeControl "180+2"]
[EndTime "15:07:20 PDT"]
[Termination "Jospem won by resignation"]

1. c4 Nf6 2. g3 e6 3. Bg2 d5 4. Nf3 Be7 5. O-O O-O 6. b3 c5 7. Bb2 Nc6 8. e3 b6 9. Nc3 Bb7 10. cxd5 Nxd5 11. Nxd5 exd5 12. d4 c4 13. bxc4 dxc4 14.
Ne5 Rc8 15. Nxc4 Ba6 16. Rc1 Nxd4 17. Bxd4 Bxc4 18. Re1 Bb4 19. Qg4 g6 20. Red1 Qe7 21.
Bd5 b5 22. Bxc4 bxc4 23. Ba1 c3 24. Rd4 a5 25. a3 Bxa3 26. Rxc3 Rxc3 27. Bxc3 Bc5 28.
Ra4 f5 29. Qc4+ Rf7 30. Rxa5 Bd6 31. Ra8+ 1-0

[Event "*** Titled Tuesday Blitz"]
[Site "Chess.com"]
[Date "2019.09.03"]
[Round "1"]
[White "Mr_Penings"]
[Black "Firouzja2003"]
[Result "0-1"]
[WhiteElo "2509"]
[BlackElo "3048"]
[TimeControl "180+2"]
[EndTime "15:07:24 PDT"]
[Termination "Firouzja2003 won by resignation"]

1. c4 Nf6 2. Nc3 g6 3. g3 Bg7 4. Bg2 O-O 5. e4 d6 6. Nge2 c5 7. O-O Nc6 8. d3 a6 9. h3 Rb8 10. a4 Nb4 11. Be3 b6 12. d4 Bb7 13. d5 Re8 14. Qd2 e6 15. dxe6 Rxe6 16. Nf4 Re8 17.
f3 Nd7 18. Rad1 Ne5 19. b3 Bc6 20. Ncd5 Nxd5 21. Nxd5 b5 22. f4 Nd7 23. axb5 axb5 24. Kh2 bxc4 25. bxc4 Rb2 26. Qd3 Nf6 27. Nxf6+ Qxf6 28. Qxd6 Bxe4 29. Rf2 Qxd6 30. Rxd6 Bxg2 31. Rxb2 Bxb2 32.
Kxg2 Rxe3 33. Rd8+ Kg7 34. Kf2 Bd4 0-1

[Event "*** Titled Tuesday Blitz"]
[Site "Chess.com"]
[Date "2019.09.03"]
[Round "1"]
[White "MikeSailer"]
[Black "DenishevM"]
[Result "0-1"]
[WhiteElo "2114"]
[BlackElo "2559"]
[TimeControl "180+2"]
[EndTime "15:07:24 PDT"]
[Termination "DenishevM won by checkmate"]

1. b4 Nf6 2. Bb2 e6 3. b5 d5 4. e3 Be7 5. Nf3 O-O 6. Be2 c5 7. a4 a6 8. O-O axb5 9. axb5 Rxa1 10. Bxa1 Nbd7 11. c4 Nb6 12. cxd5 exd5 13. d4 c4 14. Ne5 Ne4 15. Nc3 Nxc3 16. Bxc3 f6 17. Nf3 Bd6 18. Ba5 Bc7 19. Qc2 g6 20. e4 dxe4 21.
Qxe4 Re8 22. Qc2 Kg7 23. Bxb6 Bxb6 24. Qxc4 Be6 25. Qc3 Bd5 26. Rd1 Rxe2 27. Nh4 Qe7 28.
h3 h5 29. Qg3 Re1+ 30. Kh2 Bc7 31. f4 Bxf4 32. Qxf4 Rxd1 33. Qg3 Qe4 34. Qc7+ Kh6 35. Nf3 g5 36. Qd8 Qf4+ 37. g3 Rh1+ 38. Kxh1 Qxf3+ 39. Kg1 Qg2# 0-1

[Event "*** Titled Tuesday Blitz"]
[Site "Chess.com"]
[Date "2019.09.03"]
[Round "1"]
[White "David_Paravyan"]
[Black "PchelkinVK"]
[Result "1-0"]
[WhiteElo "2918"]
[BlackElo "2484"]
[TimeControl "180+2"]
[EndTime "15:07:26 PDT"]
[Termination "David_Paravyan won by resignation"]

1. Nf3 d5 2. e3 Nc6 3. c4 Nf6 4. d4 Bg4 5. Qb3 Bxf3 6. gxf3 Rb8 7. cxd5 Qxd5 8. Bc4 Qxf3 9. Bxf7+ Kd8 10. Rf1 e5 11. Nd2 Qg4 12. Be6 Qh5 13. d5 Na5 14. Qa4 b6 15. b4 Qh4 16. e4 Nb7 17. Qxa7 Nd7 18.
Bxd7 Kxd7 19. Qxb8 Bxb4 20. Qxb7 Qxe4+ 21. Kd1 Qd4 22. Qc6+ Kc8 23. Rb1 Rd8 24. Qa8+ Kd7 25. Qa4+ 1-0

[Event "*** Titled Tuesday Blitz"]
[Site "Chess.com"]
[Date "2019.09.03"]
[Round "1"]
[White "goofypenguin96"]
[Black "Renier07"]
[Result "1/2-1/2"]
[WhiteElo "2248"]
[BlackElo "2594"]
[TimeControl "180+2"]
[EndTime "15:07:30 PDT"]
[Termination "Game drawn by agreement"]

1. e4 c5 2. Nf3 e6 3. d4 cxd4 4.
Nxd4 Nc6 5. Nc3 Qc7 6. Be3 a6 7. Qf3 Bd6 8. O-O-O Be5 9. Nxc6 dxc6 10. Bd4 Bxd4 11.
Rxd4 Nf6 12. Qg3 Qxg3 13. hxg3 e5 14. Rd2 Ke7 15. f3 Be6 16. g4 h6 17. Be2 Rad8 18.
Na4 Rxd2 19. Kxd2 h5 20. gxh5 Rxh5 21. Rxh5 Nxh5 22. Nc5 Bc8 23. Ke3 a5 24. a3 Kd6 25.
b4 Nf4 26. Bf1 b6 27. Nd3 g5 28. Nb2 axb4 29. axb4 b5 30. Nd3 Nxd3 31. Bxd3 Be6 32. c3 f6 33. Bf1 Bd7 34. g4 c5 35. Be2 Kc6 36. Bd1 Be6 37. Bc2 Bc4 38. Bd1 Ba2 39. Be2 Bb3 40. Kd2 Ba4 41. Ke3 c4 42. Kd2 Bb3 43.
Bd1 Bxd1 44. Kxd1 Kb6 45. Kd2 1/2-1/2

[Event "*** Titled Tuesday Blitz"]
[Site "Chess.com"]
[Date "2019.09.03"]
[Round "1"]
[White "platy3"]
[Black "Alohamora11"]
[Result "1-0"]
[WhiteElo "2874"]
[BlackElo "2453"]
[TimeControl "180+2"]
[EndTime "15:07:31 PDT"]
[Termination "platy3 won by resignation"]

1. e4 c5 2. Nf3 g6 3. c4 Nc6 4. d4 cxd4 5. Nxd4 Nf6 6. Nc3 d6 7. f3 Bg7 8. Be3 O-O 9. Be2 Bd7 10. O-O Nxd4 11. Bxd4 Bc6 12. b4 a5 13. a3 Nh5 14.
Bxg7 Nxg7 15. Qd4 Ne6 16. Qe3 Qb8 17. Nd5 Bxd5 18. exd5 Ng7 19. Bd3 Qa7 20. Rae1 axb4 21. axb4 Qxe3+ 22. Rxe3 Ra3 23. Rfe1 e6 24. dxe6 fxe6 25.
Be4 Rxe3 26. Rxe3 b6 27. Bc6 Kf7 28. Ra3 Kf6 29. Ra7 Rb8 30. g4 h5 31. g5+ Kxg5 32. Rxg7 Kf6 33. Rb7 Rxb7 34. Bxb7 Ke5 35. Bc8 d5 36. c5 bxc5 37. bxc5 d4 38. Bb7 g5 39. Kf2 g4 40. fxg4 hxg4 41. Ke2 Kf6 42. c6 e5 43. c7 Kg5 44. c8=Q Kh4 45. Qf5 Kh3 46. Bf3 d3+ 47. Ke3 d2 48. Qxg4+ 1-0

[Event "*** Titled Tuesday Blitz"]
[Site "Chess.com"]
[Date "2019.09.03"]
[Round "1"]
[White "alishersuleymenov"]
[Black "icychess54"]
[Result "1-0"]
[WhiteElo "2606"]
[BlackElo "2225"]
[TimeControl "180+2"]
[EndTime "15:07:31 PDT"]
[Termination "alishersuleymenov won by resignation"]

1. d4 d5 2. Bf4 Nf6 3. e3 c6 4. Nf3 Bf5 5. c4 e6 6. Qb3 Qc8 7. Nc3 Nbd7 8. Rc1 h6 9. Be2 Be7 10. O-O O-O 11. h3 Ne4 12. cxd5 Nxc3 13. bxc3 exd5 14.
c4 dxc4 15. Bxc4 Nb6 16. Be2 Be4 17. Ne5 Qf5 18. Qd1 Bg5 19. Bxg5 Qxg5 20. Bf3 Bf5 21. Kh1 Rfe8 22. a4 Qh4 23. Kh2 Nd5 24. Bxd5 cxd5 25. Rc7 Rac8 26. Rxb7 Rc2 27. Qf3 Qg5 28. Nxf7 Qf6 29.
Ne5 Rec8 30. Qxd5+ Kh7 31. Qf7 Qg5 32. Nf3 Qg6 33. Qxg6+ Kxg6 34. Rxa7 Bd3 35. Ne5+ 1-0